 Dungeon Crawl Stone Soup version 0.31-a0-1084-gb392501acf (webtiles) character file.

Game seed: 15720753218603532467

536 Azuregosa the Trooper (level 7, -2/54 HPs)
             Began as an Octopode Delver on Nov 28, 2023.
             Was a Priest of Cheibriados.
             Slain by an ice beast (6 damage)
             ... on level 5 of the Dungeon.
             The game lasted 00:09:17 (2638 turns).

Azuregosa the Trooper (Octopode Delver)             Turns: 2638, Time: 00:09:17

Health: -2/54      AC:  1    Str: 20    XL:     7   Next: 25%
Magic:  7/7        EV: 13    Int: 18    God:    Cheibriados [***...]
Gold:   98         SH:  0    Dex: 19    Spells: 6/6 levels left

rFire   . . .        g - +0 battleaxe
rCold   . . .        (shield currently unavailable)
rNeg    . . .        (helmet restricted)
rPois   .            (no amulet)
rElec   .            (no ring)
rCorr   .            (no ring)
SInv    .            (no ring)
Will    .....        (no ring)
Stlth   +++++        (no ring)
HPRegen 0.29/turn    (no ring)
MPRegen 0.10/turn    (no ring)
                     (no ring)

%: no passive effects
@: very slow
A: almost no armour, amphibious, 8 rings, camouflage 1, gelatinous body 1,
(nimble swimmer 1), tentacles
a: Renounce Religion, Bend Time, Temporal Distortion


You were on level 5 of the Dungeon.
You worshipped Cheibriados.
Cheibriados was most pleased with you.
You visited 1 branch of the dungeon, and saw 5 of its levels.

You collected 158 gold pieces.
You spent 60 gold pieces at shops.

Inventory:

Hand Weapons
 g - a +0 battleaxe (weapon)
 k - a +1 vampiric dagger
Missiles
 q - 40 stones
Wands
 e - a wand of digging (3)
Scrolls
 a - a scroll of fog
 b - a scroll of enchant weapon {unknown}
 c - a scroll of fear
 i - 4 scrolls of identify {unknown}
 j - 2 scrolls of immolation {unknown}
 l - 2 scrolls of poison {unknown}
 m - 4 scrolls of teleportation
 t - a scroll of summoning {unknown}
 u - a scroll of enchant armour {unknown}
Potions
 d - 3 potions of haste
 f - 4 potions of cancellation {unknown}
 h - a potion of attraction {unknown}
 n - a potion of mutation {unknown}
 o - a potion of lignification {unknown}
 p - a potion of heal wounds {unknown}
 r - a potion of ambrosia {unknown}
 s - a potion of curing


   Skills:
 + Level 7.9 Fighting
 - Level 2.0 Dodging
 - Level 7.0 Stealth
 - Level 2.0 Unarmed Combat


You had 6 spell levels left.
You didn't know any spells.
Your spell library contained the following spells:

 Spells                   Type           Power      Damage    Failure   Level
 Summon Forest            Summ/Tloc      0%         N/A       99%         5
 Eringya's Noxious Bog    Tmut/Pois      0%         4d6       100%        6
 Summon Hydra             Summ           0%         N/A       100%        7


Dungeon Overview and Level Annotations

Branches:
Dungeon (5/15)
 Temple: D:4-7

Altars:
Cheibriados
Nemelex Xobeh

Shops:
D:1 ?   D:2 *

Annotations:
D:4 Pikel


Innate Abilities, Weirdness & Mutations

You cannot wear most types of armour.
You are amphibious.
You can wear up to eight rings at the same time.
Your skin changes colour to match your surroundings (Stealth+).
Your rubbery body absorbs attacks. (AC +1, EV +1)
((You are camouflaged when in or above water. (Stealth+)))
You have tentacles for arms and can constrict up to eight enemies at once.


Message History

An ice beast comes into view.
Found a scroll labelled QICVET BETI.
There is an open door here.
Found a quarterstaff.
A jelly comes into view.
You see here a scroll labelled QICVET BETI.
l - 2 scrolls labelled QICVET BETI (gained 1)
There is an open door here.
You see here a quokka corpse.
There is an open door here.
The jelly quivers.
An orc comes into view. It is wielding a +0 trident.
The jelly attacks as it pursues you! The jelly hits you.
You are splashed with acid.
The jelly barely misses you. The jelly hits you.
You are splashed with acid!
The jelly attacks as it pursues you! The jelly hits you but does no damage.
The jelly closely misses you. The jelly barely misses you.
There is an open door here.
The jelly hits you.
You are splashed with acid!
You see here a quokka corpse.
You slash the jelly!
You kill the jelly!
Cheibriados appreciates the change of pace.
You closely miss the ice beast. The ice beast closely misses you.
You hit the ice beast.
The ice beast is moderately wounded.
The ice beast hits you. The ice beast freezes you. The ice beast hits you.
The ice beast freezes you!
* * * LOW HITPOINT WARNING * * *
You hit the ice beast.
The ice beast is moderately wounded.
The ice beast closely misses you. x2
You hit the ice beast. Your squeeze misses the ice beast.
The ice beast is heavily wounded.
The ice beast hits you.
* * * LOW HITPOINT WARNING * * *
The ice beast freezes you.
You die...

,,,* #.##........# #.# *,
,,,**####.##.####+#.###.####****,
,,,,,...............>.......,,,,,
*****####.##.####.#.....###*****,
*,,,,#.........##.##########*,
****,,,,####.###...............,,
**,+,,,,+............##......#***
**,*,,,,**##.###.###.##......#
,,,,,,,......#*#@# #.##......#
*,,,,,,.......*#Y# #.##......#
**,,,,,.......##'###.##......#
,,,,***,......#...####+..~~~.#
***,*****#....#...#..##.~≈≈≈~#
,,,,,,,,,+....#...#.....~≈†≈~#
*****,,..#.......##._...~≈~≈~# *
*,,..........##......~~~.# *
*,,o.#.......##..#####_#.#


You could see an ice beast.

Vanquished Creatures
  Sigmund (D:3)
  An ogre (D:4)
  A phantom (D:5)
  A scorpion (D:5)
  A jelly (D:5)
  5 adders
  4 worms
  3 dart slugs
  An orc (D:3)
  4 bats (D:2)
  4 endoplasms
  2 giant cockroaches
  5 goblins
  4 hobgoblins
  7 jackals (D:1)
  5 quokkas
  5 ball pythons
  A frilled lizard (D:1)
  7 kobolds
  10 rats
72 creatures vanquished.

Notes
Turn   | Place    | Note
-------+----------+-------------------------------------------
     0 | D:5      | Azuregosa the Octopode Delver began the quest for the Orb.
     0 | D:5      | Reached XP level 1. HP: 16/16 MP: 1/1
    18 | D:5      | Found a snail-covered altar of Cheibriados.
    18 | D:5      | Found a sparkling altar of Nemelex Xobeh.
    22 | D:5      | Became a worshipper of Cheibriados the Contemplative
    48 | D:5      | Noticed a scorpion
    58 | D:4      | Noticed an ogre
   127 | D:2      | Reached XP level 2. HP: 21/21 MP: 2/2
   178 | D:2      | Reached XP level 3. HP: 11/27 MP: 3/3
   302 | D:2      | Reached * piety under Cheibriados
   497 | D:1      | Found a faded altar of an unknown god.
   617 | D:1      | Reached XP level 4. HP: 24/34 MP: 4/4
   733 | D:1      | Found Jodghyff's Magic Scroll Shop.
   743 | D:1      | Reached ** piety under Cheibriados
   754 | D:1      | Bought a scroll of teleportation for 30 gold pieces
  1165 | D:2      | Found Kall's General Store.
  1172 | D:2      | Bought a potion of curing for 30 gold pieces
  1823 | D:3      | Reached skill level 5 in Fighting
  2048 | D:3      | Noticed Sigmund
  2055 | D:3      | Killed Sigmund
  2056 | D:3      | Reached XP level 5. HP: 42/42 MP: 5/5
  2056 | D:3      | Reached XP level 6. HP: 47/47 MP: 6/6
  2342 | D:4      | Noticed Pikel
  2365 | D:5      | Reached *** piety under Cheibriados
  2575 | D:5      | Reached XP level 7. HP: 45/54 MP: 7/7
  2638 | D:5      | Slain by an ice beast

Illustrated notes

Levels and vault maps discovered:
D:1:      minmay_arrival_hallway, layout_basic, serial_shops, shop,
          hellmonk_ecumenical_altar_inner_sanctum
D:2:      layout_rooms, serial_shops, nicolae_shop_tiny_glass,
          minmay_misc_feat_tower, skrybe_limestone_x, hex_medium, dk_vineyard_3
D:3:      layout_loops_corners, uniq_sigmund
D:4:      layout_gridville, hangedman_ru_absence,
          minmay_temple_entry_enclosed_plants, uniq_menkaure, uniq_pikel,
          uniq_robin
D:5:      layout_basic, zin_treasury, kennysheep_slug_shrine,
          mainiacjoe_overflow_alcove_1

Skill      XL: |  1  2  3  4  5  6 |
---------------+-------------------+-----
Stealth        | 7 |  7.0
Fighting       | 4 6 7 |  7.9
Dodging        | |  2.0
Unarmed Combat | |  2.0

Action                     |  1- 3 |  4- 6 |  7- 9 || total
---------------------------+-------+-------+-------++-------
  Melee: Battleaxe         |    43 |    62 |     7 ||   112
         Constrict         |    17 |    15 |     1 ||    33
         Unarmed           |     3 |       |       ||     3
         Tentacles         |     6 |    15 |       ||    21
         Punch             |       |     3 |       ||     3
    Use: Scroll            |     1 |       |       ||     1
         Potion            |       |     3 |       ||     3
   Stab: Sleeping          |    10 |    15 |     1 ||    26
 Armour: Skin              |    25 |    28 |     7 ||    60
  Dodge: Dodged            |    25 |    54 |     8 ||    87

Table legend: (Time is in decaauts)
 A = Elapsed time spent in this place.
 B = Non-inter-level travel time spent in this place.
 C = Inter-level travel time spent in this place.
 D = Time resting spent in this place.
 E = Time spent auto-exploring this place.
 F = Levels seen in this place.
 G = Mean time per level.
                   A        B        C        D        E       F      G
               +--------+--------+--------+--------+--------+-----+--------+
         Total |   3665 |   3571 |     94 |    341 |   2190 |   5 |  733.0 |
       Dungeon |   3665 |   3571 |     94 |    341 |   2190 |   5 |  733.0 |
               +--------+--------+--------+--------+--------+-----+--------+

Top non-repeatable levels by time:
     D:3: 1343 daAuts
     D:2: 934 daAuts
     D:1: 809 daAuts
     D:5: 404 daAuts
     D:4: 173 daAuts
